AoeStats
← MooseMooch

Arabian Desert

508830999Analyzed
1v1 RM · 8d ago on Sep 24, 2026· 45m 1s· 2 players
Game mode
Random Map
Map size
Tiny (2 player)
Population
200
Speed
Normal
Resources
Standard
Victory
Conquest
Starting age
Dark Age
Ending age
Imperial Age
RankedLock teamsTeams togetherTeam positionsShared explorationLock speedFull tech treeHidden civsTurbo modeCheats
Victory
Defeat
🇩🇪 Portuguese · Germany
1231
+16
🇩🇪 Koreans · Germany
1228
-16
WhoKnowsUnknown
9:34 Loom
12:52 Feudal Age
15:01 Double-Bit Axe
19:06 Fletching
22:15 Wheelbarrow
24:33 Castle Age
26:02 Bow Saw
25:39 Horse Collar
25:39 Elite Skirmisher
27:07 Bodkin Arrow
30:48 Thumb Ring
30:36 Town Watch
36:03 Imperial Age
34:59 Ballistics
37:15 Bracer
38:17 Chemistry
38:56 Conscription
41:45 Forging
43:37 Pikeman
44:19 Scale Mail Armor
MooseMooch
6:31 Loom
8:45 Feudal Age
9:42 Double-Bit Axe
10:13 Horse Collar
17:18 Wheelbarrow
22:43 Castle Age
22:07 Fletching
22:57 Elite Skirmisher
23:33 Bodkin Arrow
23:49 Bow Saw
25:10 Heavy Plow
29:04 Padded Archer Armor
32:41 Imperial Age
31:09 Leather Archer Armor
33:24 Bracer
34:27 Chemistry
33:25 Stone Mining
33:28 Gold Mining
34:24 Ring Archer Armor
34:54 Ballistics
35:28 Scale Barding Armor
35:34 Forging
36:58 Conscription
38:28 Husbandry
38:39 Bloodlines
37:50 Light Cavalry
39:18 Chain Barding Armor
39:34 Iron Casting
41:09 Masonry
40:49 Cavalier
42:05 Plate Barding Armor
42:40 Blast Furnace
Connection lost

Rejoining the realm…

Still unreachable

The connection could not be restored.

Session expired

The server has moved on; the page needs a fresh start.